Penguins vs Whalers

Created - 21 mars 2024 at 16:17

Goals
1 2 3 T
Penguins 1 0 2 3
Whalers 1 3 1 5
Shots
1 2 3 T
Penguins 10 10 13 33
Whalers 12 9 13 34

GoalsPenalties
1st period
1. Whalers , Bryan Rust 20 (Shane Pinto 31, Reilly Smith 30) at 15:53
2. Penguins , J.T. Miller 29 (Chad Ruhwedel 12) at 16:30
J.T. Miller (PIT) for Goalie Interference (Minor) at 16:54
2nd period
3. Whalers , Drake Batherson 27 (Josh Mahura 6, Shane Pinto 32) at 0:37
4. Whalers , Pierre-edouard Bellemare 8 (Max Pacioretty 17, Oskar Sundqvist 19) at 2:52
5. Whalers , Ty Dellandrea 12 (Oskar Sundqvist 20, Pierre-edouard Bellemare 16) at 11:01
Ryan Murray (PIT) for Cross-checking (Minor) at 18:22
3rd period
6. Whalers , Reilly Smith 24 (Shane Pinto 33, Scott Mayfield 15) at 0:47
7. Penguins , Matthew Beniers 17 (Lawson Crouse 16, Auston Matthews 13) at 3:06
8. Penguins , Lawson Crouse 19 (Matthew Beniers 36) at 8:20
Lawson Crouse (PIT) for Cross-checking (Minor) at 5:48
J.T. Miller (PIT) for High sticking (Minor) at 11:16
Goalie Stats
Jack Campbell (PIT), 19 saves from 24 shots - (0,792), L, 12-22-2, 40:47 minutes
Spencer Knight (PIT), 10 saves from 10 shots - (1,000), 19:13 minutes
Jacob Markstrom (HAR), 30 saves from 33 shots - (0,909), W, 28-15-5, 60:00 minutes
3 StarsOfficial
1 - Reilly Smith (HAR)
2 - Bryan Rust (HAR)
3 - Shane Pinto (HAR)
Referees : Dave Lewis and Brett Roeland
Linesman : Kiel Murchison and Luke Galvin
Game Note
Spencer Knight enters game at 0:47 of 3rd period
Finance
Level 1 -- Attendance: 3472 (57,87%) -- Ticket Income $520,800
Level 2 -- Attendance: 2146 (42,92%) -- Ticket Income $268,250
Level 3 -- Attendance: 800 (40,00%) -- Ticket Income $96,000
Level 4 -- Attendance: 1600 (40,00%) -- Ticket Income $128,000
Luxury Box -- Attendance: 400 (40,00%) -- Ticket Income $200,000
Game was played at the The Pound.
Total Attendance: 8418 (46,77%)
Total Ticket Income: $1,213,050
Other Income: $594,394
Total Income: $1,807,444



Team Name Goals Shots Shots Attemp Shots Blocked PIM HIT PP PK FO%
Penguins 3337088210 / 0 (0,00%057%
Whalers 53468200220 / 4 (0%)043%

Penguins
Player Name POS G A P +/- PIM HIT SHT SB MP PP MP PP SHT PK MP PK SHT FO% FOT GA TA
Auston MatthewsC0110023015:570:0000:0000% 032
Cale MakarD000-3003223:240:0005:0500% 010
Chad RuhwedelD0111020014:390:0000:0000% 001
Charlie CoyleC/LW/RW0000015019:300:0001:4510% 100
Curtis LazarC/RW0000031020:050:0001:320100% 211
Derek RyanC000000026:570:0000:0000% 000
Dmitry OrlovD000-3010323:240:0005:0500% 003
Ethan BearD0000000021:570:0002:5100% 001
J.T. MillerC/LW/RW1010429017:360:0000:00058% 1210
Lawson CrouseLW/RW1120204018:380:0002:072100% 102
Matt NietoLW/RW000000106:570:0000:0000% 000
Matthew BeniersC1120033015:570:0000:00062% 1300
Mikael GranlundC/LW/RW000-2031016:030:0004:52075% 810
Miles WoodLW/RW000000000:260:0000:0100% 000
Ryan MurrayD0000200115:040:0000:0000% 010
Stefan NoesenLW/RW000-1010011:390:0001:0400% 100
T.J. OshieC/LW/RW000-2020021:500:0004:31044% 1610
Troy StecherD000000000:000:0000:0000% 000
Tyler MyersD0000013021:570:0002:5110% 000
Whalers
Player Name POS G A P +/- PIM HIT SHT SB MP PP MP PP SHT PK MP PK SHT FO% FOT GA TA
Bryan RustLW/RW1011055019:583:5910:000100% 120
David SavardD000-1000119:400:0000:0000% 002
Drake BathersonC/RW1010042220:293:5700:00038% 2110
Jack McBainC000100107:130:0000:000100% 110
Jacob MiddletonD0000020421:432:5800:0000% 001
Josh MahuraD0112010113:560:0600:0000% 002
Justin FaulkD0000022324:274:5810:0000% 010
Max PaciorettyLW0110022012:010:0000:0000% 000
Oskar SundqvistC/LW/RW0220002112:010:0000:0000% 011
Pierre-edouard BellemareC/LW/RW1120001012:200:0000:00043% 710
Reilly SmithLW/RW1121035119:583:5910:0000% 011
Scott MayfieldD0112020521:524:0000:0000% 001
Sean WalkerD0001000118:223:5000:0000% 011
Shane PintoC0331005119:583:5900:00041% 2200
Timo MeierLW/RW0000013020:483:5710:0000% 100
Trevor LewisC/LW/RW000100007:130:0000:0000% 000
Ty DellandreaC/RW101100107:130:0000:0000% 010
Vladimir TarasenkoRW0000005020:483:5700:000100% 100

Penguins

5 vs 5 Forward
Line #Left WingCenterRight WingPHYDFOFWanted %Time %Time Play
1Curtis LazarJ.T. MillerCharlie Coyle0143536%18:39
2Lawson CrouseMatthew BeniersAuston Matthews1223231%15:57
3Mikael GranlundT.J. OshieStefan Noesen1222120%10:31
4Matt NietoT.J. OshieDerek Ryan1311213%6:57
5 vs 5 Defense
Line #DefenseDefensePHYDFOFWanted %Time %Time Play
1Cale MakarDmitry Orlov1223535%18:19
2Tyler MyersEthan Bear1223537%19:06
3Chad RuhwedelRyan Murray1222020%10:15
4Chad RuhwedelRyan Murray140108%4:24
Power Play Forward
Line #Left WingCenterRight WingPHYDFOFWanted %Time %Time Play
1T.J. OshieMikael GranlundCharlie Coyle113600%0:00
2Lawson CrouseMatthew BeniersJ.T. Miller113400%0:00
Power Play Defense
Line #DefenseDefensePHYDFOFWanted %Time %Time Play
1Chad RuhwedelDmitry Orlov122600%0:00
2Tyler MyersEthan Bear122400%0:00
Penalty Kill 4 Players Forward
Line #CenterWingPHYDFOFWanted %Time %Time Play
1Mikael GranlundT.J. Oshie1226078%6:11
2Charlie CoyleLawson Crouse1224022%1:45
Penalty Kill 4 Players Defense
Line #DefenseDefensePHYDFOFWanted %Time %Time Play
1Cale MakarDmitry Orlov1226064%5:05
2Tyler MyersEthan Bear1224036%2:51
Penalty Kill 3 Players
Line #WingPHYDFOFWanted %Time %Time PlayDefenseDefensePHYDFOFWanted %Time %Time Play
1Lawson Crouse122600%0:00 Ryan MurrayDmitry Orlov122600%0:00
2Charlie Coyle122400%0:00 Tyler MyersEthan Bear122400%0:00
4 vs 4 Forward
Line #CenterWingPHYDFOFWanted %Time %Time Play
1Charlie CoyleMikael Granlund122600%0:00
2Matthew BeniersLawson Crouse122400%0:00
4 vs 4 Defense
Line #DefensePHYDFOFWanted %Time %Time Play
1Chad RuhwedelDmitry Orlov122600%0:00
2Tyler MyersEthan Bear122400%0:00
Last Minutes Offensive
Left WingCenterRight WingDefenseDefense
Curtis LazarJ.T. MillerCharlie CoyleCale MakarDmitry Orlov
Last Minutes Defensive
Left WingCenterRight WingDefenseDefense
Curtis LazarJ.T. MillerCharlie CoyleCale MakarDmitry Orlov
Time
Total ForwardTotal DefenseLast Minutes OffensiveLast Minutes Defensive
60:00 60:00 0:000:00
Extra Forwards
Normal PowerPlayPenalty Kill
Mikael Granlund, T.J. Oshie, Charlie CoyleMikael Granlund, T.J. OshieMikael Granlund
Extra Defensemen
Normal PowerPlayPenalty Kill
Ethan Bear, Chad Ruhwedel, Ryan MurrayEthan Bear, Ethan BearChad Ruhwedel
Penalty Shots
J.T. Miller, T.J. Oshie, Charlie Coyle, Lawson Crouse, Mikael Granlund
Goalie
Jack Campbell, Spencer Knight
Custom OT Lines Forwards
Curtis Lazar, J.T. Miller, Charlie Coyle, Lawson Crouse, Mikael Granlund, T.J. Oshie, Auston Matthews, Matthew Beniers, Stefan Noesen, Matt Nieto
Custom OT Lines Defensemen
Cale Makar, Dmitry Orlov, Tyler Myers, Ethan Bear, Chad Ruhwedel
Scratches
None

Whalers

5 vs 5 Forward
Line #Left WingCenterRight WingPHYDFOFWanted %Time %Time Play
1Timo MeierDrake BathersonVladimir Tarasenko0233632%16:32
2Reilly SmithShane PintoBryan Rust0233431%16:18
3Max PaciorettyPierre-edouard BellemareOskar Sundqvist0232223%12:01
4Trevor LewisJack McBainTy Dellandrea023814%7:13
5 vs 5 Defense
Line #DefenseDefensePHYDFOFWanted %Time %Time Play
1Justin FaulkScott Mayfield0323735%18:21
2Jacob MiddletonDavid Savard0323738%19:59
3Sean WalkerJosh Mahura0322626%13:44
4Justin FaulkSean Walker12200%0:00
Power Play Forward
Line #Left WingCenterRight WingPHYDFOFWanted %Time %Time Play
1Timo MeierDrake BathersonVladimir Tarasenko0055050%3:57
2Reilly SmithShane PintoBryan Rust0055050%3:59
Power Play Defense
Line #DefenseDefensePHYDFOFWanted %Time %Time Play
1Justin FaulkScott Mayfield0325050%4:00
2Jacob MiddletonSean Walker0325050%3:56
Penalty Kill 4 Players Forward
Line #CenterWingPHYDFOFWanted %Time %Time Play
1Pierre-edouard BellemareTy Dellandrea041500%0:00
2Jack McBainReilly Smith041500%0:00
Penalty Kill 4 Players Defense
Line #DefenseDefensePHYDFOFWanted %Time %Time Play
1David SavardJacob Middleton050500%0:00
2Scott MayfieldJosh Mahura050500%0:00
Penalty Kill 3 Players
Line #WingPHYDFOFWanted %Time %Time PlayDefenseDefensePHYDFOFWanted %Time %Time Play
1Pierre-edouard Bellemare050500%0:00 Sean WalkerJacob Middleton050500%0:00
2Jack McBain050500%0:00 Scott MayfieldJosh Mahura050500%0:00
4 vs 4 Forward
Line #CenterWingPHYDFOFWanted %Time %Time Play
1Drake BathersonTimo Meier023500%0:00
2Oskar SundqvistReilly Smith023500%0:00
4 vs 4 Defense
Line #DefensePHYDFOFWanted %Time %Time Play
1Josh MahuraDavid Savard032600%0:00
2Jacob MiddletonSean Walker032400%0:00
Last Minutes Offensive
Left WingCenterRight WingDefenseDefense
Timo MeierDrake BathersonVladimir TarasenkoJustin FaulkScott Mayfield
Last Minutes Defensive
Left WingCenterRight WingDefenseDefense
Reilly SmithPierre-edouard BellemareTy DellandreaSean WalkerScott Mayfield
Time
Total ForwardTotal DefenseLast Minutes OffensiveLast Minutes Defensive
60:00 60:00 0:000:00
Extra Forwards
Normal PowerPlayPenalty Kill
Timo Meier, Vladimir Tarasenko, Reilly SmithTy Dellandrea, Jack McBainShane Pinto
Extra Defensemen
Normal PowerPlayPenalty Kill
Justin Faulk, Sean Walker, Jacob MiddletonDavid Savard, Scott MayfieldJosh Mahura
Penalty Shots
Bryan Rust, Drake Batherson, Vladimir Tarasenko, Reilly Smith, Timo Meier
Goalie
Jacob Markstrom, Jake Allen
Custom OT Lines Forwards
Drake Batherson, Timo Meier, Vladimir Tarasenko, Reilly Smith, Bryan Rust, Shane Pinto, Max Pacioretty, Jack McBain, Ty Dellandrea, Oskar Sundqvist
Custom OT Lines Defensemen
Justin Faulk, David Savard, Jacob Middleton, Scott Mayfield, Josh Mahura
Scratches
Zack Kassian (Healthy), Adam Cracknell (Suspend), Kyle Burroughs (Healthy), Riley Nash (Healthy)


Play-by-Play

1st period


0:01 of 1st period - J.T. Miller wins face-off versus Drake Batherson in neutral zone.
0:14 of 1st period - Snap shot by J.T. Miller.
0:14 of 1st period - Stopped by Jacob Markstrom without a rebound.
0:15 of 1st period - Lawson Crouse wins face-off versus Shane Pinto in Whalers zone.
0:16 of 1st period - Slapshot by Auston Matthews.
0:16 of 1st period - Shot Blocked by Jacob Middleton.
0:20 of 1st period - Backhand shot by Auston Matthews.
0:20 of 1st period - Stopped by Jacob Markstrom with a rebound.
0:22 of 1st period - Slapshot by Tyler Myers.
0:22 of 1st period - Stopped by Jacob Markstrom without a rebound.
0:23 of 1st period - Shane Pinto wins face-off versus Matthew Beniers in Whalers zone.
0:38 of 1st period - Tyler Myers is hit by Bryan Rust and loses puck.
0:45 of 1st period - Wrist shot by Bryan Rust.
0:45 of 1st period - Stopped by Jack Campbell without a rebound.
0:46 of 1st period - Pierre-edouard Bellemare wins face-off versus T.J. Oshie in Penguins zone.
0:53 of 1st period - Snap shot by Oskar Sundqvist.
0:53 of 1st period - Shot Misses the Net.
1:21 of 1st period - Wrist shot by Drake Batherson.
1:21 of 1st period - Stopped by Jack Campbell with a rebound.
1:58 of 1st period - Wrist shot by Oskar Sundqvist.
1:58 of 1st period - Stopped by Jack Campbell with a rebound.
2:26 of 1st period - Snap shot by Reilly Smith.
2:26 of 1st period - Stopped by Jack Campbell with a rebound.
2:36 of 1st period - Lawson Crouse is hit by Drake Batherson and loses puck.
2:41 of 1st period - Wrist shot by Vladimir Tarasenko.
2:41 of 1st period - Shot Misses the Net.
3:11 of 1st period - Snap shot by T.J. Oshie.
3:11 of 1st period - Deflect By Mikael Granlund.
3:11 of 1st period - Shot Misses the Net.
3:11 of 1st period - Puck is out of play.
3:12 of 1st period - Pierre-edouard Bellemare wins face-off versus T.J. Oshie in Whalers zone.
4:10 of 1st period - Sean Walker is hit by Matthew Beniers and loses puck.
4:41 of 1st period - Snap shot by Max Pacioretty.
4:41 of 1st period - Shot Misses the Net.
5:03 of 1st period - Snap shot by Mikael Granlund.
5:03 of 1st period - Stopped by Jacob Markstrom without a rebound.
5:04 of 1st period - Drake Batherson wins face-off versus T.J. Oshie in Whalers zone.
5:29 of 1st period - Backhand shot by Bryan Rust.
5:29 of 1st period - Stopped by Jack Campbell with a rebound.
5:33 of 1st period - Snap shot by Reilly Smith.
5:33 of 1st period - Stopped by Jack Campbell without a rebound.
5:34 of 1st period - J.T. Miller wins face-off versus Timo Meier in Penguins zone.
5:45 of 1st period - Slapshot by J.T. Miller.
5:45 of 1st period - Deflect By Curtis Lazar.
5:45 of 1st period - Shot Blocked by Justin Faulk.
5:45 of 1st period - Puck is out of play.
5:46 of 1st period - T.J. Oshie wins face-off versus Shane Pinto in Whalers zone.
6:20 of 1st period - Slapshot by Cale Makar.
6:20 of 1st period - Shot Blocked by Drake Batherson.
6:22 of 1st period - Snap shot by Curtis Lazar.
6:22 of 1st period - Shot Misses the Net.
6:24 of 1st period - Wrist shot by Charlie Coyle.
6:24 of 1st period - Deflect By J.T. Miller.
6:24 of 1st period - Shot Misses the Net.
6:24 of 1st period - Puck is out of play.
6:25 of 1st period - Shane Pinto wins face-off versus Matthew Beniers in Whalers zone.
6:55 of 1st period - Slapshot by Jacob Middleton.
6:55 of 1st period - Shot Misses the Net.
6:57 of 1st period - Wrist shot by Vladimir Tarasenko.
6:57 of 1st period - Stopped by Jack Campbell without a rebound.
6:58 of 1st period - Shane Pinto wins face-off versus T.J. Oshie in Penguins zone.
7:28 of 1st period - Snap shot by J.T. Miller.
7:28 of 1st period - Shot Blocked by Scott Mayfield.
7:32 of 1st period - Slapshot by J.T. Miller.
7:32 of 1st period - Shot Misses the Net.
7:34 of 1st period - Snap shot by Curtis Lazar.
7:34 of 1st period - Stopped by Jacob Markstrom without a rebound.
7:35 of 1st period - Drake Batherson wins face-off versus Matthew Beniers in Whalers zone.
8:02 of 1st period - Scott Mayfield is hit by T.J. Oshie and loses puck.
8:09 of 1st period - Wrist shot by T.J. Oshie.
8:09 of 1st period - Shot Misses the Net.
8:11 of 1st period - Slapshot by Chad Ruhwedel.
8:11 of 1st period - Shot Blocked by Scott Mayfield.
8:13 of 1st period - Slapshot by Ryan Murray.
8:13 of 1st period - Shot Misses the Net.
8:15 of 1st period - Slapshot by Derek Ryan.
8:15 of 1st period - Shot Blocked by Scott Mayfield.
8:24 of 1st period - Off-side.
8:25 of 1st period - Shane Pinto wins face-off versus J.T. Miller in neutral zone.
8:50 of 1st period - Bryan Rust is hit by Stefan Noesen and loses puck.
9:17 of 1st period - Bryan Rust is hit by Auston Matthews and loses puck.
9:39 of 1st period - Cale Makar is hit by Max Pacioretty and loses puck.
10:14 of 1st period - Slapshot by Vladimir Tarasenko.
10:14 of 1st period - Shot Misses the Net.
10:18 of 1st period - Slapshot by Jack McBain.
10:18 of 1st period - Stopped by Jack Campbell with a rebound.
10:20 of 1st period - Snap shot by Ty Dellandrea.
10:20 of 1st period - Shot Misses the Net.
10:43 of 1st period - Snap shot by Max Pacioretty.
10:43 of 1st period - Shot Misses the Net.
12:13 of 1st period - Snap shot by J.T. Miller.
12:13 of 1st period - Stopped by Jacob Markstrom with a rebound.
12:23 of 1st period - Tyler Myers is hit by Josh Mahura and loses puck.
13:04 of 1st period - Timo Meier is hit by Curtis Lazar.
13:38 of 1st period - Derek Ryan is hit by Bryan Rust and loses puck.
13:53 of 1st period - Pierre-edouard Bellemare is hit by Curtis Lazar and loses puck.
14:58 of 1st period - T.J. Oshie is hit by Justin Faulk and loses puck.
15:05 of 1st period - Slapshot by Vladimir Tarasenko.
15:05 of 1st period - Stopped by Jack Campbell with a rebound.
15:46 of 1st period - Matthew Beniers is hit by Reilly Smith and loses puck.
15:51 of 1st period - Snap shot by Shane Pinto.
15:51 of 1st period - Shot Misses the Net.
15:53 of 1st period - Slapshot by Bryan Rust.
15:53 of 1st period - Goal by Bryan Rust - Penguins : 0 - Whalers : 1.
15:54 of 1st period - Drake Batherson wins face-off versus T.J. Oshie in neutral zone.
16:07 of 1st period - Chad Ruhwedel is hit by Timo Meier and loses puck.
16:30 of 1st period - Wrist shot by J.T. Miller.
16:30 of 1st period - Goal by J.T. Miller - Penguins : 1 - Whalers : 1.
16:31 of 1st period - Drake Batherson wins face-off versus Charlie Coyle in neutral zone.
16:34 of 1st period - Backhand shot by Drake Batherson.
16:34 of 1st period - Shot Misses the Net.
16:36 of 1st period - Slapshot by Timo Meier.
16:36 of 1st period - Shot Misses the Net.
16:54 of 1st period - Minor Penalty to J.T. Miller for Goalie Interference.
16:55 of 1st period - T.J. Oshie wins face-off versus Drake Batherson in Penguins zone.
17:08 of 1st period - Snap shot by Timo Meier.
17:08 of 1st period - Shot Blocked by Dmitry Orlov.
17:10 of 1st period - Wrist shot by Justin Faulk.
17:10 of 1st period - Shot Blocked by Cale Makar.
17:12 of 1st period - Slapshot by Justin Faulk.
17:12 of 1st period - Shot Misses the Net.
17:41 of 1st period - Snap shot by Lawson Crouse.
17:41 of 1st period - Shot Misses the Net.
17:43 of 1st period - Slapshot by Tyler Myers.
17:43 of 1st period - Stopped by Jacob Markstrom with a rebound.
17:45 of 1st period - Wrist shot by Lawson Crouse.
17:45 of 1st period - Stopped by Jacob Markstrom without a rebound.
17:46 of 1st period - Mikael Granlund wins face-off versus Shane Pinto in Whalers zone.
17:59 of 1st period - Wrist shot by Bryan Rust.
17:59 of 1st period - Stopped by Jack Campbell without a rebound.
18:00 of 1st period - Drake Batherson wins face-off versus Mikael Granlund in Penguins zone.
18:21 of 1st period - Snap shot by Vladimir Tarasenko.
18:21 of 1st period - Deflect By Reilly Smith.
18:21 of 1st period - Stopped by Jack Campbell with a rebound.
18:32 of 1st period - Off-side.
18:33 of 1st period - Mikael Granlund wins face-off versus Drake Batherson in neutral zone.
18:48 of 1st period - Snap shot by Vladimir Tarasenko.
18:48 of 1st period - Shot Misses the Net.
18:50 of 1st period - Slapshot by Timo Meier.
18:50 of 1st period - Shot Misses the Net.
18:54 of 1st period - Penalty to J.T. Miller is over, J.T. Miller is back on ice.
19:00 of 1st period - Reilly Smith is hit by Curtis Lazar and loses puck.
19:09 of 1st period - Slapshot by Justin Faulk.
19:09 of 1st period - Shot Misses the Net.
19:21 of 1st period - Slapshot by J.T. Miller.
19:21 of 1st period - Stopped by Jacob Markstrom with a rebound.
19:56 of 1st period - Backhand shot by Cale Makar.
19:56 of 1st period - Shot Blocked by David Savard.
19:58 of 1st period - Backhand shot by Charlie Coyle.
19:58 of 1st period - Shot Hit the Post.
Goals for this period are 1 for Penguins vs 1 for Whalers.
Shots for this period are 10 for Penguins vs 12 for Whalers.

2nd period


0:01 of 2nd period - Matthew Beniers wins face-off versus Shane Pinto in neutral zone.
0:17 of 2nd period - Wrist shot by Auston Matthews.
0:17 of 2nd period - Shot Misses the Net.
0:31 of 2nd period - Snap shot by Shane Pinto.
0:31 of 2nd period - Stopped by Jack Campbell with a rebound.
0:33 of 2nd period - Snap shot by Drake Batherson.
0:33 of 2nd period - Shot Blocked by Cale Makar.
0:35 of 2nd period - Slapshot by Josh Mahura.
0:35 of 2nd period - Shot Blocked by Dmitry Orlov.
0:37 of 2nd period - Snap shot by Drake Batherson.
0:37 of 2nd period - Goal by Drake Batherson - Penguins : 1 - Whalers : 2.
0:38 of 2nd period - Matthew Beniers wins face-off versus Shane Pinto in neutral zone.
0:50 of 2nd period - Snap shot by Reilly Smith.
0:50 of 2nd period - Shot Misses the Net.
1:37 of 2nd period - Slapshot by Cale Makar.
1:37 of 2nd period - Deflect By J.T. Miller.
1:37 of 2nd period - Stopped by Jacob Markstrom with a rebound.
1:59 of 2nd period - Wrist shot by Matthew Beniers.
1:59 of 2nd period - Stopped by Jacob Markstrom without a rebound.
2:00 of 2nd period - T.J. Oshie wins face-off versus Drake Batherson in Whalers zone.
2:14 of 2nd period - Snap shot by T.J. Oshie.
2:14 of 2nd period - Shot Blocked by Justin Faulk.
2:16 of 2nd period - Slapshot by Mikael Granlund.
2:16 of 2nd period - Shot Blocked by Drake Batherson.
2:37 of 2nd period - J.T. Miller is hit by Bryan Rust and loses puck.
2:50 of 2nd period - Wrist shot by Max Pacioretty.
2:50 of 2nd period - Stopped by Jack Campbell with a rebound.
2:52 of 2nd period - Wrist shot by Pierre-edouard Bellemare.
2:52 of 2nd period - Goal by Pierre-edouard Bellemare - Penguins : 1 - Whalers : 3.
2:53 of 2nd period - Shane Pinto wins face-off versus J.T. Miller in neutral zone.
2:58 of 2nd period - Charlie Coyle is hit by Reilly Smith and loses puck.
3:07 of 2nd period - Snap shot by Charlie Coyle.
3:07 of 2nd period - Shot Blocked by Reilly Smith.
3:45 of 2nd period - Snap shot by T.J. Oshie.
3:45 of 2nd period - Shot Blocked by Josh Mahura.
4:05 of 2nd period - Snap shot by Charlie Coyle.
4:05 of 2nd period - Stopped by Jacob Markstrom with a rebound.
4:09 of 2nd period - Wrist shot by J.T. Miller.
4:09 of 2nd period - Shot Misses the Net.
4:11 of 2nd period - Snap shot by Charlie Coyle.
4:11 of 2nd period - Deflect By Curtis Lazar.
4:11 of 2nd period - Shot Blocked by Sean Walker.
4:11 of 2nd period - Puck is out of play.
4:12 of 2nd period - Matthew Beniers wins face-off versus Drake Batherson in Whalers zone.
4:13 of 2nd period - Snap shot by Auston Matthews.
4:13 of 2nd period - Stopped by Jacob Markstrom without a rebound.
4:14 of 2nd period - Drake Batherson wins face-off versus Matthew Beniers in Whalers zone.
4:30 of 2nd period - Snap shot by Lawson Crouse.
4:30 of 2nd period - Shot Misses the Net.
4:40 of 2nd period - Snap shot by Mikael Granlund.
4:40 of 2nd period - Shot Blocked by Justin Faulk.
4:48 of 2nd period - Snap shot by Timo Meier.
4:48 of 2nd period - Shot Misses the Net.
5:10 of 2nd period - Wrist shot by Vladimir Tarasenko.
5:10 of 2nd period - Stopped by Jack Campbell with a rebound.
6:10 of 2nd period - Snap shot by Trevor Lewis.
6:10 of 2nd period - Shot Misses the Net.
6:21 of 2nd period - Off-side.
6:22 of 2nd period - T.J. Oshie wins face-off versus Shane Pinto in neutral zone.
6:39 of 2nd period - Jacob Middleton is hit by Mikael Granlund and loses puck.
6:56 of 2nd period - Max Pacioretty is hit by J.T. Miller and loses puck.
7:09 of 2nd period - Max Pacioretty is hit by Matthew Beniers and loses puck.
7:35 of 2nd period - Icing by Matt Nieto.
7:36 of 2nd period - T.J. Oshie wins face-off versus Drake Batherson in Penguins zone.
7:49 of 2nd period - Slapshot by Timo Meier.
7:49 of 2nd period - Shot Misses the Net.
7:51 of 2nd period - Wrist shot by Timo Meier.
7:51 of 2nd period - Shot Hit the Post.
8:07 of 2nd period - Snap shot by Vladimir Tarasenko.
8:07 of 2nd period - Stopped by Jack Campbell without a rebound.
8:08 of 2nd period - J.T. Miller wins face-off versus Shane Pinto in Penguins zone.
8:08 of 2nd period - J.T. Miller is hit by Reilly Smith.
8:43 of 2nd period - Slapshot by Shane Pinto.
8:43 of 2nd period - Stopped by Jack Campbell without a rebound.
8:44 of 2nd period - Drake Batherson wins face-off versus T.J. Oshie in Penguins zone.
9:42 of 2nd period - Wrist shot by Charlie Coyle.
9:42 of 2nd period - Shot Blocked by Jacob Middleton.
9:58 of 2nd period - Wrist shot by Mikael Granlund.
9:58 of 2nd period - Shot Blocked by Jacob Middleton.
10:43 of 2nd period - Snap shot by J.T. Miller.
10:43 of 2nd period - Stopped by Jacob Markstrom with a rebound.
10:45 of 2nd period - Slapshot by Charlie Coyle.
10:45 of 2nd period - Stopped by Jacob Markstrom with a rebound.
11:01 of 2nd period - Snap shot by Ty Dellandrea.
11:01 of 2nd period - Goal by Ty Dellandrea - Penguins : 1 - Whalers : 4.
11:02 of 2nd period - Shane Pinto wins face-off versus J.T. Miller in neutral zone.
11:24 of 2nd period - Icing by Dmitry Orlov.
11:25 of 2nd period - Matthew Beniers wins face-off versus Drake Batherson in Penguins zone.
11:36 of 2nd period - Dmitry Orlov is hit by Jacob Middleton and loses puck.
11:51 of 2nd period - Curtis Lazar is hit by Bryan Rust and loses puck.
11:56 of 2nd period - Wrist shot by Reilly Smith.
11:56 of 2nd period - Shot Misses the Net.
12:33 of 2nd period - Sean Walker is hit by Matthew Beniers and loses puck.
12:50 of 2nd period - T.J. Oshie is hit by Drake Batherson and loses puck.
13:01 of 2nd period - Snap shot by Drake Batherson.
13:01 of 2nd period - Shot Blocked by Derek Ryan.
13:19 of 2nd period - Ryan Murray is hit by Jacob Middleton and loses puck.
14:04 of 2nd period - Justin Faulk is hit by Mikael Granlund and loses puck.
14:16 of 2nd period - Off-side.
14:17 of 2nd period - J.T. Miller wins face-off versus Drake Batherson in neutral zone.
14:30 of 2nd period - Wrist shot by Charlie Coyle.
14:30 of 2nd period - Stopped by Jacob Markstrom with a rebound.
14:32 of 2nd period - Snap shot by Charlie Coyle.
14:32 of 2nd period - Stopped by Jacob Markstrom with a rebound.
15:28 of 2nd period - Off-side.
15:29 of 2nd period - Matthew Beniers wins face-off versus Shane Pinto in neutral zone.
15:40 of 2nd period - Slapshot by Bryan Rust.
15:40 of 2nd period - Shot Misses the Net.
15:42 of 2nd period - Slapshot by Scott Mayfield.
15:42 of 2nd period - Shot Blocked by Dmitry Orlov.
15:44 of 2nd period - Slapshot by Justin Faulk.
15:44 of 2nd period - Shot Misses the Net.
16:01 of 2nd period - Slapshot by Justin Faulk.
16:01 of 2nd period - Stopped by Jack Campbell with a rebound.
16:07 of 2nd period - Justin Faulk is hit by Charlie Coyle and loses puck.
16:38 of 2nd period - Snap shot by Ty Dellandrea.
16:38 of 2nd period - Shot Misses the Net.
16:48 of 2nd period - Slapshot by Trevor Lewis.
16:48 of 2nd period - Shot Misses the Net.
17:24 of 2nd period - Drake Batherson is hit by T.J. Oshie and loses puck.
18:22 of 2nd period - Minor Penalty to Ryan Murray for Cross-checking.
18:23 of 2nd period - Mikael Granlund wins face-off versus Shane Pinto in Penguins zone.
18:33 of 2nd period - T.J. Oshie is hit by Scott Mayfield and loses puck.
18:54 of 2nd period - Mikael Granlund is hit by Drake Batherson and loses puck.
19:15 of 2nd period - Wrist shot by Lawson Crouse.
19:15 of 2nd period - Stopped by Jacob Markstrom with a rebound.
19:17 of 2nd period - Slapshot by Charlie Coyle.
19:17 of 2nd period - Shot Misses the Net.
19:19 of 2nd period - Slapshot by Lawson Crouse.
19:19 of 2nd period - Shot Misses the Net.
19:21 of 2nd period - Snap shot by Charlie Coyle.
19:21 of 2nd period - Stopped by Jacob Markstrom with a rebound.
19:33 of 2nd period - Tyler Myers is hit by Drake Batherson.
Goals for this period are 0 for Penguins vs 3 for Whalers.
Shots for this period are 10 for Penguins vs 9 for Whalers.

3rd period


0:01 of 3rd period - Mikael Granlund wins face-off versus Shane Pinto in neutral zone.
0:03 of 3rd period - Off-side.
0:04 of 3rd period - Mikael Granlund wins face-off versus Shane Pinto in neutral zone.
0:22 of 3rd period - Penalty to Ryan Murray is over, Ryan Murray is back on ice.
0:34 of 3rd period - Cale Makar is hit by Bryan Rust and loses puck.
0:43 of 3rd period - Snap shot by Shane Pinto.
0:43 of 3rd period - Stopped by Jack Campbell with a rebound.
0:45 of 3rd period - Snap shot by Shane Pinto.
0:45 of 3rd period - Stopped by Jack Campbell with a rebound.
0:47 of 3rd period - Snap shot by Reilly Smith.
0:47 of 3rd period - Goal by Reilly Smith - Penguins : 1 - Whalers : 5.
0:47 of 3rd period - Spencer Knight enters game.
0:48 of 3rd period - Matthew Beniers wins face-off versus Drake Batherson in neutral zone.
0:51 of 3rd period - Wrist shot by Lawson Crouse.
0:51 of 3rd period - Stopped by Jacob Markstrom without a rebound.
0:52 of 3rd period - Drake Batherson wins face-off versus Matthew Beniers in Whalers zone.
1:29 of 3rd period - Snap shot by J.T. Miller.
1:29 of 3rd period - Stopped by Jacob Markstrom without a rebound.
1:30 of 3rd period - Vladimir Tarasenko wins face-off versus T.J. Oshie in Whalers zone.
1:55 of 3rd period - Scott Mayfield is hit by Chad Ruhwedel and loses puck.
2:04 of 3rd period - Wrist shot by Matthew Beniers.
2:04 of 3rd period - Shot Misses the Net.
2:06 of 3rd period - Slapshot by Matthew Beniers.
2:06 of 3rd period - Stopped by Jacob Markstrom with a rebound.
2:49 of 3rd period - Slapshot by Justin Faulk.
2:49 of 3rd period - Shot Blocked by Derek Ryan.
2:59 of 3rd period - Drake Batherson is hit by Auston Matthews and loses puck.
3:04 of 3rd period - Wrist shot by Lawson Crouse.
3:04 of 3rd period - Shot Misses the Net.
3:06 of 3rd period - Snap shot by Matthew Beniers.
3:06 of 3rd period - Goal by Matthew Beniers - Penguins : 2 - Whalers : 5.
3:07 of 3rd period - J.T. Miller wins face-off versus Shane Pinto in neutral zone.
3:12 of 3rd period - Snap shot by J.T. Miller.
3:12 of 3rd period - Shot Blocked by Shane Pinto.
4:34 of 3rd period - Slapshot by Dmitry Orlov.
4:34 of 3rd period - Shot Misses the Net.
5:14 of 3rd period - Off-side.
5:15 of 3rd period - Jack McBain wins face-off versus Stefan Noesen in neutral zone.
5:48 of 3rd period - Minor Penalty to Lawson Crouse for Cross-checking.
5:49 of 3rd period - Shane Pinto wins face-off versus Mikael Granlund in Penguins zone.
6:23 of 3rd period - Wrist shot by Timo Meier.
6:23 of 3rd period - Stopped by Spencer Knight with a rebound.
6:25 of 3rd period - Snap shot by Justin Faulk.
6:25 of 3rd period - Stopped by Spencer Knight with a rebound.
7:48 of 3rd period - Penalty to Lawson Crouse is over, Lawson Crouse is back on ice.
8:05 of 3rd period - Lawson Crouse is hit by Max Pacioretty and loses puck.
8:10 of 3rd period - Slapshot by Oskar Sundqvist.
8:10 of 3rd period - Shot Misses the Net.
8:12 of 3rd period - Wrist shot by Oskar Sundqvist.
8:12 of 3rd period - Stopped by Spencer Knight without a rebound.
8:13 of 3rd period - Matthew Beniers wins face-off versus Pierre-edouard Bellemare in Penguins zone.
8:20 of 3rd period - Wrist shot by Lawson Crouse.
8:20 of 3rd period - Goal by Lawson Crouse - Penguins : 3 - Whalers : 5.
8:21 of 3rd period - J.T. Miller wins face-off versus Drake Batherson in neutral zone.
8:25 of 3rd period - Ethan Bear is hit by Scott Mayfield and loses puck.
9:12 of 3rd period - Slapshot by Cale Makar.
9:12 of 3rd period - Stopped by Jacob Markstrom with a rebound.
9:14 of 3rd period - Wrist shot by Dmitry Orlov.
9:14 of 3rd period - Deflect By Mikael Granlund.
9:14 of 3rd period - Shot Blocked by Oskar Sundqvist.
9:14 of 3rd period - Puck is out of play.
9:15 of 3rd period - Curtis Lazar wins face-off versus Drake Batherson in Whalers zone.
9:20 of 3rd period - Wrist shot by J.T. Miller.
9:20 of 3rd period - Shot Blocked by Jacob Middleton.
9:26 of 3rd period - Slapshot by Cale Makar.
9:26 of 3rd period - Stopped by Jacob Markstrom with a rebound.
10:26 of 3rd period - Josh Mahura is hit by Chad Ruhwedel and loses puck.
10:33 of 3rd period - Snap shot by J.T. Miller.
10:33 of 3rd period - Stopped by Jacob Markstrom without a rebound.
10:34 of 3rd period - Matthew Beniers wins face-off versus Drake Batherson in Whalers zone.
10:39 of 3rd period - Slapshot by Auston Matthews.
10:39 of 3rd period - Shot Blocked by Scott Mayfield.
10:47 of 3rd period - Snap shot by Auston Matthews.
10:47 of 3rd period - Shot Blocked by Scott Mayfield.
11:05 of 3rd period - Slapshot by Tyler Myers.
11:05 of 3rd period - Stopped by Jacob Markstrom without a rebound.
11:06 of 3rd period - Shane Pinto wins face-off versus J.T. Miller in Whalers zone.
11:11 of 3rd period - Snap shot by Bryan Rust.
11:11 of 3rd period - Stopped by Spencer Knight with a rebound.
11:13 of 3rd period - Slapshot by Reilly Smith.
11:13 of 3rd period - Stopped by Spencer Knight without a rebound.
11:14 of 3rd period - J.T. Miller wins face-off versus Drake Batherson in Penguins zone.
11:16 of 3rd period - Minor Penalty to J.T. Miller for High sticking.
11:17 of 3rd period - Mikael Granlund wins face-off versus Shane Pinto in Penguins zone.
11:43 of 3rd period - Vladimir Tarasenko is hit by Mikael Granlund and loses puck.
13:16 of 3rd period - Penalty to J.T. Miller is over, J.T. Miller is back on ice.
13:25 of 3rd period - Wrist shot by Max Pacioretty.
13:25 of 3rd period - Stopped by Spencer Knight without a rebound.
13:26 of 3rd period - T.J. Oshie wins face-off versus Pierre-edouard Bellemare in Penguins zone.
13:33 of 3rd period - Slapshot by Matt Nieto.
13:33 of 3rd period - Stopped by Jacob Markstrom with a rebound.
13:44 of 3rd period - Charlie Coyle is hit by Justin Faulk and loses puck.
14:03 of 3rd period - Snap shot by Matthew Beniers.
14:03 of 3rd period - Shot Hit the Post.
14:22 of 3rd period - Icing by Matt Nieto.
14:23 of 3rd period - Bryan Rust wins face-off versus T.J. Oshie in Penguins zone.
14:26 of 3rd period - Snap shot by Shane Pinto.
14:26 of 3rd period - Stopped by Spencer Knight without a rebound.
14:27 of 3rd period - Shane Pinto wins face-off versus J.T. Miller in Penguins zone.
14:54 of 3rd period - Josh Mahura is hit by Dmitry Orlov and loses puck.
15:04 of 3rd period - Off-side.
15:05 of 3rd period - Pierre-edouard Bellemare wins face-off versus T.J. Oshie in neutral zone.
15:32 of 3rd period - Snap shot by Timo Meier.
15:32 of 3rd period - Stopped by Spencer Knight with a rebound.
15:42 of 3rd period - Slapshot by Drake Batherson.
15:42 of 3rd period - Deflect By Timo Meier.
15:42 of 3rd period - Stopped by Spencer Knight with a rebound.
15:44 of 3rd period - Slapshot by Vladimir Tarasenko.
15:44 of 3rd period - Stopped by Spencer Knight with a rebound.
16:00 of 3rd period - Snap shot by Auston Matthews.
16:00 of 3rd period - Stopped by Jacob Markstrom without a rebound.
16:01 of 3rd period - T.J. Oshie wins face-off versus Pierre-edouard Bellemare in Whalers zone.
17:03 of 3rd period - Slapshot by Timo Meier.
17:03 of 3rd period - Shot Blocked by Ryan Murray.
17:21 of 3rd period - Wrist shot by Shane Pinto.
17:21 of 3rd period - Shot Misses the Net.
17:58 of 3rd period - Timo Meier is hit by Tyler Myers and loses puck.
18:53 of 3rd period - Bryan Rust is hit by J.T. Miller and loses puck.
19:02 of 3rd period - Slapshot by Cale Makar.
19:02 of 3rd period - Deflect By Bryan Rust.
19:02 of 3rd period - Stopped by Jacob Markstrom without a rebound.
19:03 of 3rd period - Curtis Lazar wins face-off versus Pierre-edouard Bellemare in Whalers zone.
19:08 of 3rd period - Slapshot by J.T. Miller.
19:08 of 3rd period - Stopped by Jacob Markstrom with a rebound.
Goals for this period are 2 for Penguins vs 1 for Whalers.
Shots for this period are 13 for Penguins vs 13 for Whalers.




Output by the SimonT Hockey Simulator (STHS) for Eric Tremblay - Original Page W3C HTML5 Valid
Hockey Simulator - Hockey Simulation - Hockey Manager